 Dungeon Crawl Stone Soup version 0.18.1-50-g88ac8fd (console) character file.

143 MenacingMecha the Cudgeler (level 5, 53/53 HPs)
             Began as an Ogre Hunter on Oct 5, 2016.
             Quit the game on level 3 of the Dungeon on Oct 27, 2016.
             The game lasted 00:07:34 (2208 turns).

MenacingMecha the Cudgeler (Ogre Hunter)            Turns: 2208, Time: 00:07:35

Health: 53/53      AC:  3    Str: 17    XL:     5   Next: 25%
Magic:  5/5        EV:  7    Int: 10    God:
Gold:   81         SH:  6    Dex: 11    Spells: 0 memorised, 4 levels left

rFire  . . .     SeeInvis .     g - +0 hand axe (venom)
rCold  . . .     Gourm    .     b - +0 robe
rNeg   . . .     Faith    .     l - +0 shield (curse)
rPois  .         Spirit   .     (helmet restricted)
rElec  .         Dismiss  .     (no cloak)
rCorr  .         Reflect  .     (gloves unavailable)
SustAt .         Harm     .     (boots unavailable)
MR     .....                    (no amulet)
Stlth  +.........               (no ring)
                                (no ring)

@: not resistant to hostile enchantments, very unstealthy
A: unfitting armour, tough skin 1
a: no special abilities


You were on level 3 of the Dungeon.
You were not hungry.

You visited 1 branch of the dungeon, and saw 3 of its levels.

You collected 81 gold pieces.

Inventory:

Hand Weapons
 g - a +0 hand axe of venom (weapon)
   (You found it on level 1 of the Dungeon)
 o - a +0 flail
   (You took it off an orc on level 3 of the Dungeon)
Missiles
 c - 5 large rocks
 d - 2 throwing nets
 e - 108 stones (quivered)
Armour
 b - a +0 robe (worn)
 l - a cursed +0 shield (worn)
   (You found it on level 1 of the Dungeon)
 w - a +0 helmet
   (You found it on level 3 of the Dungeon)
Jewellery
 u - an uncursed amulet of dismissal {unknown}
   (You found it on level 3 of the Dungeon)
Wands
 q - a wand of acid (2/15)
   (You found it on level 2 of the Dungeon)
 r - a wand of digging (7/24)
   (You took it off Ijyb on level 2 of the Dungeon)
Scrolls
 i - 2 scrolls of remove curse {unknown}
 j - a scroll of blinking {unknown}
 n - 2 scrolls of teleportation {unknown}
 v - a scroll of identify {unknown}
Potions
 h - a potion of lignification {unknown}
 k - a potion of magic {unknown}
 m - a potion of agility {unknown}
 p - 2 potions of flight {unknown}
 s - a potion of cure mutation {unknown}
Comestibles
 a - 2 meat rations
 f - a bread ration
 t - 7 chunks of flesh


   Skills:
 - Level 3.2 Fighting
 + Level 5.1 Maces & Flails
 - Level 4.6 Throwing
 - Level 1.7 Dodging
 - Level 0.7 Stealth


You had 4 spell levels left.
You didn't know any spells.

Dungeon Overview and Level Annotations

Branches:
Dungeon (2/15)

Altars:
Elyvilon


Innate Abilities, Weirdness & Mutations

You are too large for most types of armour.
You have tough skin (AC +1).


Message History

No target in view!
v - a scroll labeled OCE OPUCECZAHU You see here a quokka corpse.
e - 103 stones (gained 1)
e - 104 stones (gained 1)
e - 105 stones (gained 1) Some of the chunks of flesh in your inventory have rotted away.
e - 106 stones (gained 1)
e - 107 stones (gained 1)
e - 108 stones (gained 1)
A kobold comes into view.
The helpless kobold fails to defend itself.
You hit the kobold but do no damage.
The kobold is poisoned.
The kobold hits you but does no damage.
You miss the kobold.
The kobold is heavily wounded.
The kobold hits you but does no damage.
You barely miss the kobold.
The kobold is heavily wounded.
You kill the kobold!
You see here a quokka corpse.
You butcher the quokka corpse.
t - 4 chunks of flesh (gained 2) Eat which item? (? for menu, Esc to quit)
Okay, then.
Number of times to repeat, then command key: You must enter the number of times for the command to repeat.
Save game and exit?
Welcome back, MenacingMecha the Ogre Hunter.
Press ? for a list of commands and other information.
You see here a kobold corpse.
There are no objects that can be picked up here. a kobold corpse You see here a kobold corpse.
Enter note:
There are no objects that can be picked up here. a kobold corpse You see here a kobold corpse.
Eat which item? (? for menu, Esc to quit)
Okay, then.
Things that are here:
a whip; a club; a kobold corpse You see here a goblin corpse.
Eat which item? (? for menu, Esc to quit)
Okay, then.
You see here a goblin corpse.
Eat which item? (? for menu, Esc to quit)
Okay, then.
There are no objects that can be picked up here. a goblin corpse Eat which item? (? for menu, Esc to quit)
Okay, then.
Drop what? 22/52 slots (_ for help) (? for menu, Esc to quit)
Okay, then.
You see here a goblin corpse.
You butcher the goblin corpse.
t - 7 chunks of flesh (gained 3)
You see here a helmet.
w - a helmet Drop what? 23/52 slots (_ for help) (? for menu, Esc to quit)
Okay, then.
Wear which item? (? for menu, Esc to quit)
You start putting on your armour.
You continue putting on your shield. x4
You finish putting on your cursed +0 shield.
Oops, that feels deathly cold.
You see here a robe.
A kobold comes into view.
A kobold is nearby!
A kobold is nearby!
The kobold shouts!
You barely miss the kobold. You block the kobold's attack.
You closely miss the kobold. You block the kobold's attack.
The kobold hits you but does no damage.
You hit the kobold.
The kobold is poisoned.
The kobold is moderately wounded.
The kobold closely misses you.
You miss the kobold.
The kobold is severely wounded.
The kobold hits you.
You closely miss the kobold.
The kobold is severely wounded.
The kobold hits you.
You closely miss the kobold.
The kobold is severely wounded.
You kill the kobold!
You see here a kobold corpse.
There are no objects that can be picked up here. a kobold corpse
There are no objects that can be picked up here. a kobold corpse You see here a kobold corpse.
You butcher the kobold corpse.
You see here 3 inedible chunks of flesh.
HP restored.
Quiver which item? (- for none, * to show all) (? for menu, Esc to quit)
Okay, then.
Save game and exit?
Okay, then.
Save game and exit?
Okay, then.
Are you sure you want to abandon this character and quit the game? (Confirm with "yes".)

######################
#.....................
#.###########.[###### #%# #..##
#.# ###...# #.# #.....### #.#
#####.......##########
###.#####....................#
#...................######...#
#.#.#####........##.#........#
#.#...............)..............
# #.#####......#..#...###..##.###
#.#@..........##................
#.#.#####............†.....##.###
#......#####.>..............%...
#.#†##........................##
###.##........##...........#..#
#.##............#........#..###
#.##......#.....#.....+#.......
#.##......+.....#......).#.....
#.##......###................ .
#.##.....####...#..#....##.#...
#.##.....+............).......#
#.##.....#####..#.#.###..####.#
#.#......))................#
#.#.......#..#.#..##...###.#
#.#.#######..#.##.##....#
#............## #...)....#....#
#..†........#.# #......(#...#.#
#.......#...#.#


There were no monsters in sight!

Vanquished Creatures
  An orc wizard (D:3)
  Ijyb (D:2)
  3 adders (D:2)
  A worm (D:2)
  2 dart slugs
  4 orcs (D:3)
  5 goblins
  6 hobgoblins
  7 jackals (D:1)
  A quokka (D:3)
  3 ball pythons (D:1)
  6 bats
  7 kobolds
  5 rats
52 creatures vanquished.

Notes
Turn   | Place    | Note
--------------------------------------------------------------
     0 | D:1      | MenacingMecha the Ogre Hunter began the quest for the Orb.
     0 | D:1      | Reached XP level 1. HP: 22/22 MP: 1/1
   185 | D:1      | Reached XP level 2. HP: 29/29 MP: 2/2
   402 | D:1      | HP: 7/29 [jackal (1)]
   405 | D:1      | HP: 2/29 [jackal (2)]
   406 | D:1      | Reached skill level 3 in Fighting
   822 | D:1      | Reached XP level 3. HP: 30/37 MP: 3/3
   841 | D:1      | Reached skill level 1 in Maces & Flails
  1370 | D:2      | Reached skill level 2 in Maces & Flails
  1428 | D:2      | Noticed Ijyb
  1438 | D:2      | Killed Ijyb
  1438 | D:2      | Reached skill level 3 in Maces & Flails
  1438 | D:2      | Reached XP level 4. HP: 36/45 MP: 4/4
  1446 | D:2      | Reached skill level 4 in Maces & Flails
  1666 | D:2      | Found a white marble altar of Elyvilon.
  1824 | D:2      | You fall through a shaft!
  1856 | D:3      | Reached XP level 5. HP: 23/53 MP: 5/5
  2043 | D:3      | Reached skill level 5 in Maces & Flails
  2208 | D:3      | Quit the game

Skill      XL: |  1  2  3  4  5 |
---------------+----------------+-----
Fighting       | 3 |  3.2
Maces & Flails | 3 4 5 |  5.1
Throwing       | |  4.6
Dodging        | |  1.7
Stealth        | |  0.7

Action                   |  1- 3 |  4- 6 || total
-------------------------+-------+-------++-------
Melee: Short sword       |    68 |       ||    68
       Club              |    22 |       ||    22
       Hand axe          |    21 |    49 ||    70
Throw: Stone             |    29 |    28 ||    57
       Large rock        |     6 |     1 ||     7
Evoke: Wand              |     1 |       ||     1
 Stab: Sleeping          |       |     1 ||     1
  Eat: Chunk             |     2 |     2 ||     4
Armor: Robe              |    77 |     6 ||    83
Dodge: Dodged            |    96 |    24 ||   120
Block: Shield            |       |     2 ||     2

Vault maps used:
D:1:      saegor_arrival_simple_c
D:2:      nicolae_overflow_hidden_temple, uniq_iyjb, uniq_crazy_yiuf_cottage
D:3:      nicolae_qazlal_general_emergency, first_bread, ashenzari_altar_1,
          uniq_terence

Table legend:
 A = Turns spent in this place as a percentage of turns spent in the entire game.
 B = Non-inter-level travel turns spent in this place as a percentage of non-inter-level travel turns spent in the entire game.
 C = Inter-level travel turns spent in this place as a percentage of turns spent in this place.
 D = Turns resting spent in this place as a percentage of non-inter-level travel turns spent in this place.
 E = Turns spent auto-exploring this place as a percentage of non-inter-level travel turns spent in this place.
 F = Non-inter-level travel turns spent in this place divided by the number of levels of this place that you've seen.
                   A       B       C       D       E      F
               +-------+-------+-------+-------+-------+----------------------
         Total | 100.0 | 100.0 |   0.2 |   2.9 |   6.1 | 196.0
       Dungeon | 100.0 | 100.0 |   0.2 |   2.9 |   6.1 | 196.0
               +-------+-------+-------+-------+-------+----------------------

Table legend:
 A = Kills in this place as a percentage of kills in entire the game.
 B = Kills by you in this place as a percentage of kills by you in the entire game.
 C = Kills by friends in this place as a percentage of kills by friends in the entire game.
 D = Other kills in this place as a percentage of other kills in the entire game.
 E = Experience gained in this place as a percentage of experience gained in the entire game.
 F = Experience gained in this place divided by the number of levels of this place that you have seen.
                   A       B       C       D       E      F
               +-------+-------+-------+-------+-------+----------------------
         Total | 100.0 | 100.0 |  -nan |  -nan | 100.0 |  68.3
       Dungeon | 100.0 | 100.0 |  -nan |  -nan | 100.0 |  68.3
               +-------+-------+-------+-------+-------+----------------------
